 Dungeon Crawl Stone Soup version 0.23.1 (webtiles) character file.

Game seed: 1544060463967731396

68 Hasart the Digger (level 4, -2/24 HPs)
             Began as a Deep Elf Earth Elementalist on Mar 4, 2019.
             Slain by an orc
             ... wielding a +0 hand axe
              (5 damage)
             ... on level 1 of the Dungeon.
             The game lasted 00:03:55 (1064 turns).

Hasart the Digger (Deep Elf Earth Elementalist)     Turns: 1064, Time: 00:03:56

Health: -2/24      AC:  2    Str:  5    XL:     4   Next: 1%
Magic:  7/11       EV: 13    Int: 21    God:
Gold:   76         SH:  0    Dex: 15    Spells: 9/10 levels left

rFire    . . .     SeeInvis .   f - +0 short sword
rCold    . . .     Gourm    .   (no shield)
rNeg     . . .     Faith    .   c - +0 robe
rPois    .         Spirit   .   (no helmet)
rElec    .         Reflect  .   (no cloak)
rCorr    .         Harm     .   (no gloves)
MR       .....                  (no boots)
Stlth    ++........             (no amulet)
HPRegen  0.08/turn              (no ring)
MPRegen  0.12/turn              (no ring)

@: no status effects
A: no striking features
a: no special abilities


You were on level 1 of the Dungeon.
You were not hungry.

You visited 1 branch of the dungeon, and saw 2 of its levels.

You collected 76 gold pieces.

Inventory:

Hand Weapons
 f - a +0 short sword (weapon)
Missiles
 b - 64 stones (quivered)
Armour
 c - a +0 robe (worn)
Potions
 e - a potion of heal wounds {unknown}
 g - 2 potions of mutation {unknown}
Comestibles
 a - 2 chunks of flesh
 d - a ration


   Skills:
 + Level 3.3 Dodging
 - Level 2.4 Stealth
 + Level 3.9 Spellcasting
   Level 1.1 Transmutations
 * Level 4.4 Earth Magic


You had 9 spell levels left.
You knew the following spells:

 Your Spells              Type           Power        Failure   Level  Hunger
a - Sandblast             Erth           ###...       1%          1    None

Your spell library contained the following spells:

 Spells                   Type           Power        Failure   Level  Hunger
 Passwall                 Tmut/Erth      ###.....     6%          2    #......
 Stone Arrow              Conj/Erth      ##....       14%         3    ###....
 Petrify                  Tmut/Erth      ###.....     36%         4    ####...
 Lee's Rapid Deconstruct  Erth           ###.......   47%         5    ######.


Dungeon Overview and Level Annotations

Branches:
Dungeon (2/15)

Altars:


Message History

Confirm with . or Enter, or press ? or * to list all spells.
Aiming: Sandblast (safe; 1% risk of failure)
Press: ? - help, Shift-Dir - straight line, f - orc
Aim: an orc, wielding a +0 hand axe The blast of sand misses the orc.
The blast of sand hits the orc!
You kill the orc!
You have reached level 4!
You feel clever.
b - 65 stones The rat bites you but does no damage.
The orc misses you.
Casting: Sandblast (safe; 1% risk of failure)
Confirm with . or Enter, or press ? or * to list all spells.
Aiming: Sandblast (safe; 1% risk of failure)
Press: ? - help, Shift-Dir - straight line, f/p - orc
Aim: an orc, wielding a +0 hand axe The blast of sand hits the orc.
The orc is almost dead.
b - 64 stones The rat bites you but does no damage.
The orc hits you with a +0 hand axe.
You die...

############# #.>.........#
#.#########.############### #.#
#...r@o..........#
###.########..#########.....#####
...........#..# #..........
##............# #######.....####.
.........#.##.###...........# #.
#...##............#######.######.
#...##.###.##.##### #........
.......# #....# #########..
##.###.###.#### #..........


You could see an orc and a rat.

Vanquished Creatures
  An orc wizard (D:1)
  2 dart slugs (D:1)
  3 leopard geckos
  2 orcs
  4 bats (D:1)
  A giant cockroach (D:1)
  3 goblins (D:1)
  4 hobgoblins (D:1)
  3 kobolds
  3 frilled lizards (D:1)
  5 rats
31 creatures vanquished.

Notes
Turn   | Place    | Note
-------+----------+-------------------------------------------
     0 | D:1      | Hasart the Deep Elf Earth Elementalist began the quest for
                  | the Orb.
     0 | D:1      | Reached XP level 1. HP: 10/10 MP: 6/6
    63 | D:1      | Reached XP level 2. HP: 10/15 MP: 2/8
   430 | D:1      | Reached skill level 4 in Earth Magic
   606 | D:1      | Reached XP level 3. HP: 18/19 MP: 7/10
  1063 | D:1      | Reached XP level 4. HP: 3/24 MP: 8/11
  1064 | D:1      | Slain by an orc

Skill      XL: |  1  2 |
---------------+-------+-----
Earth Magic    | 4 |  4.4
Dodging        | 3 |  3.3
Stealth        | |  2.4
Spellcasting   | |  3.9
Transmutations | |  1.1

Action                   |  1- 3 |  4- 6 || total
-------------------------+-------+-------++-------
Melee: Short sword       |    16 |       ||    16
 Cast: Sandblast         |    47 |     2 ||    49
Armor: Robe              |    14 |     2 ||    16
Dodge: Dodged            |    32 |     1 ||    33
